 Dungeon Crawl Stone Soup version 0.27-a0-401-gea03ee85fd (webtiles) character file.

Game seed: 15975709666413773699

2119 DavidChitty2 the Cleaver (level 9, -5/79 HPs)
             Began as a Minotaur Fighter on Feb 21, 2021.
             Was a Priest of Okawaru.
             Slain by an orc warrior
             ... wielding a +0 trident
              (10 damage)
             ... on level 7 of the Dungeon.
             The game lasted 00:06:32 (5762 turns).

DavidChitty2 the Cleaver (Minotaur Fighter)         Turns: 5762, Time: 00:06:33

Health: -5/79      AC: 15    Str: 23    XL:     9   Next: 8%
Magic:  11/11      EV:  5    Int:  5    God:    Okawaru [***...]
Gold:   421        SH:  0    Dex: 11    Spells: 8/8 levels left

rFire    . . .     SeeInvis .   a - +1 war axe
rCold    . . .     Faith    .   c - +0 kite shield
rNeg     . . .     Spirit   .   k - +0 plate armour
rPois    .         Reflect  .   (helmet restricted)
rElec    .         Harm     .   (no cloak)
rCorr    .         Rampage  .   s - +1 pair of gloves
Will     .....                  (no boots)
Stlth    ..........             (no amulet)
HPRegen  0.23/turn              (no ring)
MPRegen  0.12/turn              (no ring)

@: confused
A: retaliatory headbutt, horns 2
a: Renounce Religion, Heroism


You were on level 7 of the Dungeon.
You worshipped Okawaru.
Okawaru was most pleased with you.
You visited 1 branch of the dungeon, and saw 7 of its levels.

You collected 421 gold pieces.

Inventory:

Hand Weapons
 a - a +1 war axe (weapon)
Missiles
 g - 5 javelins (quivered)
 B - a throwing net {!f}
Armour
 c - a +0 kite shield (worn)
 k - a +0 plate armour (worn)
   (You took it off an orc warrior on level 6 of the Dungeon)
 s - a +1 pair of gloves (worn)
   (You found it on level 3 of the Dungeon)
 x - a +1 scale mail of cold resistance
   (You found it on level 4 of the Dungeon)
Wands
 u - a wand of polymorph (8)
   (You found it on level 4 of the Dungeon)
 C - a wand of charming (10)
   (You found it on level 5 of the Dungeon)
Scrolls
 h - 3 scrolls of enchant weapon
 j - a scroll of enchant armour
 l - 2 scrolls of teleportation {@r4}
 p - a scroll of blinking
 w - 2 scrolls of identify {@r1}
Potions
 b - 3 potions of attraction {!q}
 d - 2 potions of might
 e - a potion of resistance {unknown}
 f - 4 potions of heal wounds {@q2}
 i - a potion of magic
 m - a potion of mutation {unknown}
 n - 4 potions of lignification {unknown}
 o - a potion of cancellation {unknown}
 q - a potion of haste {unknown}
 r - 5 potions of curing {unknown}
 t - a potion of ambrosia {unknown}
 v - 2 potions of flight


   Skills:
 + Level 7.0 Fighting
 * Level 8.8 Axes
 + Level 6.9 Armour
 + Level 6.9 Shields
 + Level 4.2 Invocations


You had 8 spell levels left.
You didn't know any spells.
Your spell library was empty.

Dungeon Overview and Level Annotations

Branches:
Dungeon (7/15)             Temple (0/1) D:7

Altars:
Fedhas
Okawaru
Xom
Zin


Innate Abilities, Weirdness & Mutations

You reflexively headbutt those who attack you in melee.
You have a pair of horns on your head.


Message History

You slash the orc!
You kill the orc!
Okawaru accepts your kill.
You hit the orc warrior but do no damage.
You hit something but do no damage.
The orc warrior hits you with a +0 trident!
Something hits you.
You closely miss the orc warrior. Your headbutt misses the orc warrior.
You miss something. You hit the orc. You block the orc warrior's attack.
Something hits you. The orc hits you but does no damage.
You hear some strange, mumbled words.
A magic dart appears from out of thin air!
The magic dart hits you.
The orc warrior hits you with a +0 trident!
You hit the orc. You headbutt the orc, but do no damage.
You barely miss the orc warrior. You closely miss something.
You block the orc's attack. You block something's attack.
The orc warrior hits you but does no damage.
The orc hits you but does no damage.
You slash the orc!
You kill the orc!
Okawaru accepts your kill.
You hit the orc warrior.
Your plate armour prevents you from hitting something.
You hear some strange, mumbled words.
You are confused.
The orc warrior hits you with a +0 trident!!
* * * LOW HITPOINT WARNING * * *
You feel much better. Something hits you but does no damage.
The orc warrior hits you with a +0 trident!
You slash something! You headbutt something. Okawaru accepts your kill.
Reactivating autopickup.
You feel a bit more experienced.
You miss the orc warrior. You slash the ogre!
The ogre hits you but does no damage. The orc warrior barely misses you.
You hit the orc warrior. You headbutt the orc warrior. You hit the ogre.
The orc warrior hits you with a +0 trident.
* * * LOW HITPOINT WARNING * * *
The ogre hits you with a +0 giant club!!
* * * LOW HITPOINT WARNING * * *
You closely miss the orc warrior. Your headbutt misses the orc warrior.
You slash the ogre!
The orc warrior hits you with a +0 trident.
* * * LOW HITPOINT WARNING * * *
The ogre hits you with a +0 giant club!
* * * LOW HITPOINT WARNING * * *
The orc warrior hits you from afar with a +0 trident!
You die...

#........ #........
#........ +........
#########+#####........
..............#........
...........<..#oO......
..............#.)......
..............'@.......
..........)...#........
#####.........#........
..............#.[......
≈≈≈≈..........#........
≈≈≈≈≈≈........#........
≈≈≈≈≈≈≈≈......+........
≈...≈≈≈≈≈≈.....#........
≈.>.≈≈≈≈≈≈.....#


You could see an orc warrior and an ogre.

Vanquished Creatures
  3 yaks (D:5)
  An orc warrior (D:6)
  A black bear (D:6)
  4 necrophages (D:6)
  An ogre (D:4)
  2 bullfrogs (D:6)
  A gnoll sergeant (D:4)
  A scorpion (D:4)
  A howler monkey (D:4)
  A jelly (D:6)
  2 centaur skeletons
  4 hounds
  An orc priest (D:6)
  A bullfrog skeleton (D:5)
  2 iguanas
  Terence (D:2)
  3 orc wizards
  2 worker ants (D:4)
  A hound zombie (D:6)
  A worker ant zombie (D:4)
  11 gnolls
  3 adders (D:6)
  A shadow imp (D:5)
  2 white imps (D:6)
  3 ufetubi
  An ooze (D:2)
  An adder zombie (D:6)
  5 adder skeletons
  2 worms (D:2)
  A dart slug (D:4)
  3 leopard geckos
  14 orcs
  8 bats
  6 giant cockroaches
  13 goblins
  12 hobgoblins
  10 jackals
  4 kobolds
  A quokka (D:3)
  2 ball pythons
  2 frilled lizards
  A giant cockroach zombie (D:6)
  A jackal skeleton (D:5)
  A quokka skeleton (D:4)
  5 rats
  3 bushes (D:6)
150 creatures vanquished.

Vanquished Creatures (others)
  13 plants (D:6)
13 creatures vanquished.

Grand Total: 163 creatures vanquished

Notes
Turn   | Place    | Note
-------+----------+-------------------------------------------
     0 | D:1      | DavidChitty2 the Minotaur Fighter began the quest for the
                  | Orb.
     0 | D:1      | Reached XP level 1. HP: 19/19 MP: 0/0
   198 | D:1      | Reached XP level 2. HP: 27/27 MP: 1/1
   237 | D:1      | Reached skill level 3 in Axes
   779 | D:1      | Reached XP level 3. HP: 33/33 MP: 2/2
  1322 | D:2      | Reached XP level 4. HP: 40/40 MP: 3/3
  1363 | D:2      | Found a glowing silver altar of Zin.
  1415 | D:2      | Noticed Terence
  1417 | D:2      | Killed Terence
  1418 | D:2      | Reached skill level 4 in Axes
  2092 | D:3      | Found an iron altar of Okawaru.
  2110 | D:3      | Became a worshipper of Warmaster Okawaru
  2532 | D:4      | Reached XP level 5. HP: 40/47 MP: 4/4
  2662 | D:4      | Reached skill level 1 in Invocations
  2673 | D:4      | Reached skill level 5 in Axes
  2673 | D:4      | Reached XP level 6. HP: 53/53 MP: 5/5
  2860 | D:4      | Reached * piety under Okawaru
  2875 | D:4      | Reached skill level 5 in Armour
  2875 | D:4      | Reached skill level 5 in Shields
  2942 | D:4      | Reached skill level 5 in Fighting
  3311 | D:4      | Reached XP level 7. HP: 32/61 MP: 4/7
  3373 | D:4      | Reached skill level 6 in Axes
  3509 | D:5      | Entered Level 5 of the Dungeon
  3703 | D:5      | Noticed a yak
  3706 | D:5      | Noticed a yak
  3724 | D:5      | Killed a yak
  3729 | D:5      | Noticed a yak
  3740 | D:5      | Killed a yak
  3740 | D:5      | Reached ** piety under Okawaru
  3745 | D:5      | Killed a yak
  3746 | D:5      | Reached skill level 7 in Axes
  3746 | D:5      | Reached XP level 8. HP: 58/70 MP: 7/9
  4819 | D:6      | Found a shimmering altar of Xom.
  5031 | D:6      | Reached skill level 8 in Axes
  5309 | D:6      | Found a blossoming altar of Fedhas.
  5602 | D:6      | Reached *** piety under Okawaru
  5616 | D:6      | Reached XP level 9. HP: 71/78 MP: 9/11
  5701 | D:7      | Found a staircase to the Ecumenical Temple.
  5762 | D:7      | Slain by an orc warrior

Illustrated notes

Levels and vault maps discovered:
D:1:      onia_arrival_mini_maze, layout_basic, minmay_pentomino_t4
D:2:      layout_basic, lemuel_doored_altar,
          wander_ebering_terrifying_dragon_lair, uniq_terence
D:3:      layout_basic, nicolae_overflow_hidden_temple, okawaru_trees_1
D:4:      layout_cave_pools, lightli_minifort
D:5:      layout_basic, st_stairs_9
D:6:      layout_rooms, nicolae_overflow_crystal_walls,
          fedhas_altar_decomposition
D:7:      layout_gridville, vehumet_statue, temple_pool_b

Skill      XL: |  1  2  3  4  5  6  7  8  9 |
---------------+----------------------------+-----
Axes           | 3 4 5 7 8 |  8.8
Fighting       | 4 5 6 7 |  7.0
Armour         | 4 5 6 |  6.9
Shields        | 4 5 6 |  6.9
Invocations    | 1 2 3 4 |  4.2

Action                   |  1- 3 |  4- 6 |  7- 9 || total
-------------------------+-------+-------+-------++-------
Melee: War axe           |   105 |    95 |   221 ||   421
       Headbutt          |    10 |    17 |    48 ||    75
Invok: Heroism           |       |     2 |     2 ||     4
  Use: Scroll            |       |       |    14 ||    14
       Potion            |       |       |     1 ||     1
Armor: Scale mail        |    53 |    16 |       ||    69
       Chain mail        |       |    58 |    72 ||   130
       Plate armour      |       |       |    31 ||    31
Dodge: Dodged            |    46 |    44 |    38 ||   128
Block: Kite shield       |    55 |    65 |   129 ||   249

Table legend: (Time is in decaauts)
 A = Elapsed time spent in this place.
 B = Non-inter-level travel time spent in this place.
 C = Inter-level travel time spent in this place.
 D = Time resting spent in this place.
 E = Time spent auto-exploring this place.
 F = Levels seen in this place.
 G = Mean time per level.
                   A        B        C        D        E       F      G
               +--------+--------+--------+--------+--------+-----+--------+
         Total |   5917 |   5622 |    295 |    324 |   4211 |   7 |  845.3 |
       Dungeon |   5917 |   5622 |    295 |    324 |   4211 |   7 |  845.3 |
               +--------+--------+--------+--------+--------+-----+--------+

Top non-repeatable levels by time:
     D:5: 1246 daAuts
     D:1: 1090 daAuts
     D:4: 1028 daAuts
     D:6: 979 daAuts
     D:2: 949 daAuts
     D:3: 543 daAuts
     D:7: 79 daAuts
